 Dungeon Crawl Stone Soup version 0.31-a0-1178-gc5c9b8f871 (webtiles) character file.

Game seed: 17107211191065311069

1376 grandjackal the Trooper (level 8, -1/65 HPs)
             Began as a Demonspawn Gladiator on Dec 12, 2023.
             Was a Follower of Kikubaaqudgha.
             Killed by divine providence
             ... invoked by an orc priest
              (13 damage)
             ... on level 6 of the Dungeon.
             The game lasted 00:06:48 (4448 turns).

grandjackal the Trooper (Demonspawn Gladiator)      Turns: 4448, Time: 00:06:49

Health: -1/65      AC: 18    Str: 16    XL:     8   Next: 39%
Magic:  17/17      EV: 12    Int: 12    God:    Kikubaaqudgha [*.....]
Gold:   260        SH:  0    Dex: 14    Spells: 2/7 levels left

rFire   . . .        z - +2 flail (protect)
rCold   . . .        (no shield)
rNeg    . . .        b - +0 leather armour
rPois   .            w - +2 helmet
rElec   .            (cloak unavailable)
rCorr   .            (no gloves)
SInv    .            p - +0 pair of boots
Will    .....        (no amulet)
Stlth   +            h - +4 ring of protection
HPRegen 0.30/turn    y - ring of magical power
MPRegen 0.15/turn

%: no passive effects
@: under a protective aura
A: big brain 1, weakness stinger 3
a: Renounce Religion, Unearth Wretches


You were on level 6 of the Dungeon.
You worshipped Kikubaaqudgha.
Kikubaaqudgha was aware of your devotion.
You visited 2 branches of the dungeon, and saw 7 of its levels.

You collected 260 gold pieces.

Inventory:

Hand Weapons
 a - a +0 war axe
 z - a +2 flail of protection (weapon)
Missiles
 d - 2 throwing nets (quivered)
 e - a javelin
Armour
 b - a +0 leather armour (worn)
 p - a +0 pair of boots (worn)
 w - a +2 helmet (worn)
Jewellery
 h - a +4 ring of protection (left hand)
 n - a ring of ice
 y - a ring of magical power (right hand)
Wands
 u - a wand of charming (4)
Scrolls
 c - a scroll of fear {unknown}
 f - 2 scrolls of enchant armour
 g - a scroll of revelation {unknown}
 j - a scroll of fog {unknown}
 k - 2 scrolls of immolation
 t - a scroll of vulnerability {unknown}
 B - 3 scrolls of teleportation {unknown}
Potions
 i - a potion of attraction
 l - a potion of brilliance
 o - a potion of magic {unknown}
 q - a potion of ambrosia
 r - a potion of heal wounds {unknown}
 s - a potion of enlightenment {unknown}
 v - 2 potions of lignification {unknown}
 x - 3 potions of curing {unknown}
 A - a potion of might {unknown}


   Skills:
 + Level 6.4 Fighting
 + Level 6.1 Axes
 - Level 2.0 Throwing
 - Level 3.0 Dodging
 + Level 5.7 Necromancy


You had 2 spell levels left.
You knew the following spells:

 Your Spells              Type           Power      Damage    Failure   Level
a - Sublimation of Blood  Necr           13%        N/A       6%          2
b - Vampiric Draining     Necr           13%        2d6       12%         3

Your spell library contained the following spells:

 Spells                   Type           Power      Damage    Failure   Level
 Necrotise                Necr           52%        1d6       4%          1
 Kiss of Death            Conj/Necr      24%        2d7       13%         1
 Ensorcelled Hibernation  Hex/Ice        0%         N/A       52%         2
 Jinxbite                 Hex            0%         N/A       52%         2
 Wereblood                Tmut           0%         N/A       52%         2
 Volatile Blastmotes      Fire/Tloc      0%         2d10      77%         3
 Anguish                  Hex/Necr       3%         N/A       77%         4
 Fulminant Prism          Conj/Hex       0%         3d5       99%         4
 Iskenderun's Mystic Bla  Conj/Tloc      0%         2d3       99%         4
 Summon Hydra             Summ           0%         N/A       100%        7


Dungeon Overview and Level Annotations

Branches:
Dungeon (6/15)             Temple (1/1) D:4

Altars:
Ashenzari
Kikubaaqudgha
Makhleb
Nemelex Xobeh
Okawaru
Qazlal
Ru
Sif Muna
Vehumet
Wu Jian
Xom
Yredelemnul

Annotations:
Temple 2 transporters


Innate Abilities, Weirdness & Mutations

You have an unusually large brain. (Int +2)
You have a sharp stinger which inflicts weakening toxins.


Message History

g - Guard the area. f - Follow me.
Anything else - Cancel.
Gang up on whom?
Press: ? - help, Dir - move target, f - orc priest, p - steam dragon
Aim: an orc priest, wielding a +0 mace of holy wrath
Okay, then.
The orc wizard barely misses your steam dragon.
The orc hits your steam dragon with a +0 short sword.
Your steam dragon breathes steam at the orc wizard.
The ball of steam hits the orc wizard!!
The orc wizard dies!
Kikubaaqudgha accepts your kill.
You hear an angry hiss.
You hear a shout! x2
Unknown command.
Unknown command.
The orc priest calls upon Beogh to heal something.
Kikubaaqudgha accepts your kill.
You feel a bit more experienced.
An iguana comes into view.
Kikubaaqudgha accepts your kill.
You feel a bit more experienced.
The orc priest attacks as it pursues you!
The orc priest hits you with a +0 mace of holy wrath.
You convulse.
You hit the orc priest.
Your weapon exudes an aura of protection.
You tail-slap the orc priest.
The orc priest looks weaker.
The orc priest is heavily wounded.
You hit the orc priest.
The orc priest is severely wounded.
The orc priest calls down the wrath of Beogh upon you.
Beogh smites you!
* * * LOW HITPOINT WARNING * * *
You barely miss the orc priest.
The orc priest is severely wounded.
Something hits you but does no damage.
The orc priest calls down the wrath of Beogh upon you.
Beogh smites you!
You die...
Kikubaaqudgha rasps: "You have failed me!
Welcome... death!"

#. ♣♣l...##.#
#.#####.....##.#
...##o.o).g§{...##.#
zYPo.P.)#.§§D...# .#
.~~oYS..#.#o§)..##.#
~~~~~~~.#.#####D#.#
~~≈≈~~~...# #..#
~≈~o~.~...#####.##
~~~.~~P.......@o.#
.~~~♣♣...$########
...P .....#


You could see an orc priest (weak, ally target) and a friendly steam dragon
(charmed).

Vanquished Creatures
  Grinder (D:4)
  A steam dragon (D:4)
  A water moccasin (D:6)
  An ogre (D:5)
  3 scorpions
  2 hounds
  A sleepcap (D:3)
  2 iguanas
  2 orc wizards
  7 gnolls
  7 adders
  5 dart slugs
  A worm (D:3)
  12 orcs
  4 ball pythons
  7 bats
  11 endoplasms
  4 giant cockroaches
  9 goblins
  10 hobgoblins
  16 kobolds
  5 quokkas
  3 frilled lizards
  7 rats
122 creatures vanquished.

Vanquished Creatures (collateral kills)
  An ice beast (D:6)
  A sky beast (D:6)
  An orc wizard (D:6)
  2 gnolls
  5 orcs
10 creatures vanquished.

Vanquished Creatures (others)
  A wight (D:6)
  A jelly (D:6)
  An orc priest (D:6)
  An orc (D:6)
4 creatures vanquished.

Grand Total: 136 creatures vanquished

Notes
Turn   | Place    | Note
-------+----------+-------------------------------------------
     0 | D:1      | grandjackal the Demonspawn Gladiator began the quest for
                  | the Orb.
     0 | D:1      | Reached XP level 1. HP: 16/16 MP: 1/1
    86 | D:1      | Gained mutation: You have an unusually large brain. (Int
                  | +2) [demonic ancestry]
    86 | D:1      | Reached XP level 2. HP: 19/22 MP: 2/2
   266 | D:1      | Gained mutation: You have a small tail. [demonic ancestry]
   266 | D:1      | Reached XP level 3. HP: 28/28 MP: 3/3
   799 | D:2      | Reached XP level 4. HP: 26/35 MP: 4/4
  1000 | D:2      | Learned a level 2 spell: Sublimation of Blood
  1417 | D:3      | Found a sacrificial altar of Ru.
  1470 | D:2      | Reached skill level 1 in Necromancy
  1501 | D:3      | Reached XP level 5. HP: 41/41 MP: 5/5
  1714 | D:3      | Found a shimmering blue altar of Sif Muna.
  1968 | D:3      | Found a faded altar of an unknown god.
  2001 | D:4      | Noticed Grinder
  2020 | D:4      | Paralysed by Grinder for 5 turns
  2035 | D:3      | HP: 1/42 [sleepcap (7)]
  2195 | D:4      | Paralysed by Grinder for 3 turns
  2204 | D:4      | Paralysed by Grinder for 4 turns
  2214 | D:4      | Paralysed by Grinder for 4 turns
  2226 | D:4      | Killed Grinder
  2227 | D:4      | Gained mutation: You have a tail ending in a sharp stinger.
                  | [demonic ancestry]
  2227 | D:4      | Reached XP level 6. HP: 7/49 MP: 6/6
  2380 | D:4      | Found a staircase to the Ecumenical Temple.
  2434 | Temple   | Found a transporter.
  2434 | Temple   | Found a transporter.
  2434 | Temple   | Found a transporter.
  2434 | Temple   | Found a transporter.
  2434 | Temple   | Entered the Ecumenical Temple
  2448 | Temple   | Became a worshipper of Kikubaaqudgha
  2512 | D:4      | Noticed a steam dragon
  2590 | D:4      | Killed a steam dragon
  2591 | D:4      | Reached skill level 5 in Fighting
  2591 | D:4      | Reached skill level 5 in Axes
  2591 | D:4      | Gained mutation: You have a sharp stinger which inflicts
                  | weakening toxins. [demonic ancestry]
  2591 | D:4      | Reached XP level 7. HP: 56/56 MP: 7/7
  3128 | D:5      | Entered Level 5 of the Dungeon
  3375 | D:5      | Found a sparkling altar of Nemelex Xobeh.
  3484 | D:5      | Reached * piety under Kikubaaqudgha
  3484 | D:5      | Received a gift from Kikubaaqudgha
  3618 | D:5      | Learned a level 3 spell: Vampiric Draining
  4220 | D:6      | Reached skill level 5 in Necromancy
  4220 | D:6      | Reached XP level 8. HP: 44/64 MP: 8/8
  4448 | D:6      | Killed from afar by an orc priest

Illustrated notes

Levels and vault maps discovered:
D:1:      minmay_arrival_jagged, layout_basic, kennysheep_crisscross
D:2:      layout_basic
D:3:      layout_loops_ring, nicolae_overflow_hidden_temple,
          mainiacjoe_overflow_boulevard, dreamdust_ecumenical_altar_sealed_demon
D:4:      nicolae_BIG_FREAKIN_CUBE, layout_basic, temple_statues,
          serial_library_hellmonk_reading_circle, uniq_grinder
D:5:      layout_loops_ring, nemelex_dance_club_becter, palyth_stone_intersect,
          roderic_serpentine_path, chequers_garden
D:6:      layout_loops_ring, fedhas_altar_decomposition,
          lemuel_coloured_pillars_altar, serial_bayou, serial_bayou_pond_b,
          serial_bayou_crossing, serial_bayou_lagoon_a, serial_bayou_lagoon_b,
          ebering_ghost_inner_flame, dk_noncrumbling_3, uniq_crazy_yiuf_cottage
Temple:   hellmonk_temple_divided_pantheon

Skill      XL: |  1  2  3  4  5  6  7  8 |
---------------+-------------------------+-----
Throwing       | 2 |  2.0
Axes           | 3 4 5 6 |  6.1
Dodging        | 3 |  3.0
Fighting       | 3 4 5 6 |  6.4
Necromancy     | 1 3 5 |  5.7

Action                     |  1- 3 |  4- 6 |  7- 9 || total
---------------------------+-------+-------+-------++-------
  Melee: War axe           |    99 |    45 |       ||   144
         Tailslap          |     7 |    16 |    20 ||    43
         Flail             |       |    82 |   123 ||   205
         Punch             |       |       |     2 ||     2
  Throw: Throwing net      |       |     2 |       ||     2
  Evoke: Wand              |       |     1 |     8 ||     9
    Use: Potion            |       |     2 |     1 ||     3
         Scroll            |       |     5 |     1 ||     6
 Armour: Leather armour    |    66 |   124 |   109 ||   299
  Dodge: Dodged            |    86 |    88 |   105 ||   279

Table legend: (Time is in decaauts)
 A = Elapsed time spent in this place.
 B = Non-inter-level travel time spent in this place.
 C = Inter-level travel time spent in this place.
 D = Time resting spent in this place.
 E = Time spent auto-exploring this place.
 F = Levels seen in this place.
 G = Mean time per level.
                   A        B        C        D        E       F      G
               +--------+--------+--------+--------+--------+-----+--------+
         Total |   4547 |   4379 |    168 |    690 |   2608 |   7 |  649.6 |
       Dungeon |   4516 |   4349 |    167 |    690 |   2608 |   6 |  752.7 |
        Temple |     30 |     30 |      0 |      0 |      0 |   1 |   30.0 |
               +--------+--------+--------+--------+--------+-----+--------+

Top non-repeatable levels by time:
     D:3: 1206 daAuts
     D:5: 1085 daAuts
     D:4: 743 daAuts
     D:2: 668 daAuts
     D:1: 575 daAuts
     D:6: 238 daAuts
  Temple: 30 daAuts
